 Dungeon Crawl Stone Soup version 0.32-a0-599-gba8f9cf90e (webtiles) character file.

Game seed: 16888690829581838383

383805 Zonian the Brawler (level 22, -9/202 HPs)
             Began as a Ghoul Gladiator on Feb 25, 2024.
             Was an Initiate of Gozag.
             Mangled by a fenstrider witch (16 damage)
             ... while paralysed by a fenstrider witch
             ... in a wizard's laboratory on Mar 2, 2024.
             The game lasted 03:05:38 (64658 turns).

Zonian the Brawler (Ghoul Gladiator)               Turns: 64658, Time: 03:05:39

Health: -9/202     AC: 30    Str: 40    XL:     22   Next: 95%
Magic:  36/36      EV:  2    Int: 11    God:    Gozag
Gold:   8722       SH:  0    Dex: 10    Spells: 31/42 levels left

rFire   . .          .
                       - Unarmed
rCold   + . .        r - +2 buckler of Conscience {rElec rN++ Will- Str+3}
rNeg    + + +        u - +18 Lear's hauberk
rPois   ∞            (helmet currently unavailable)
rElec   +            C - scarf {shadows}
rCorr   .            (gloves currently unavailable)
SInv    .            (boots currently unavailable)
Will    .....        m - amulet of reflection
Stlth   +            z - +6 ring of strength
HPRegen 0.00/turn    x - +6 ring of strength
MPRegen 0.25/turn

%: reflection
@: paralysed, inhibited regen, studying 4 skills, very slow
A: claws 1, cold resistance 1, negative energy resistance 3, inhibited
regeneration, torment resistance 2, devour on kill
}: 2/15 runes: barnacled, gossamer
a: Renounce Religion, Potion Petition, Call Merchant, Bribe Branch


You were in a wizard's laboratory.
You worshipped Gozag.
Gozag was greatly pleased with you.
You visited 7 branches of the dungeon, and saw 36 of its levels.
You also visited: Bailey and Wizlab.

You collected 16045 gold pieces.
You spent 1970 gold pieces at shops.
You paid 5353 gold pieces to Gozag.


Innate Abilities, Weirdness & Mutations

You are immune to poison.
You have sharp fingernails.
Your flesh is cold resistant. (rC+)
You are immune to negative energy. (rN+++)
You do not regenerate when monsters are visible.
You are immune to unholy pain and torment.
You thrive by killing the living.


   Skills:
 + Level 18.1 Fighting
 + Level 7.9 Throwing
 - Level 13.0 Armour
 - Level 14.0 Dodging
 - Level 12.0 Stealth
 - Level 4.0 Shields
 + Level 18.2 Unarmed Combat
 + Level 10.7 Spellcasting
 + Level 7.0 Translocations
 - Level 8.4 Air Magic
 + Level 8.3 Earth Magic
 - Level 9.2 Alchemy
 - Level 8.0 Evocations


You had 31 spell levels left.
You knew the following spells:

 Your Spells              Type           Power      Damage    Failure   Level
a - Mercury Vapours       Alch/Air       50%        N/A       1%          2
b - Airstrike             Air            12%        2d(2-18)  10%         4
c - Blink                 Tloc           42%        N/A       2%          2
d - Stone Arrow           Conj/Erth      30%        3d8       16%         3

Your spell library contained the following spells:

 Spells                   Type           Power      Damage    Failure   Level
 Sandblast                Erth           48%        2d12      1%          1
 Lesser Beckoning         Tloc           42%        N/A       2%          2
 Passwall                 Erth           24%        N/A       3%          3
 Sting                    Conj/Alch      64%        1d7       4%          1
 Cigotuvi's Dreadful Rot  Necr/Alch/Air  36%        N/A       4%          2
 Gell's Gravitas          Tloc           21%        N/A       4%          3
 Teleport Other           Tloc           21%        N/A       4%          3
 Olgreb's Toxic Radiance  Alch           26%        N/A       7%          4
 Static Discharge         Conj/Air       30%        3-5/arc   9%          2
 Mephitic Cloud           Conj/Alch/Air  18%        N/A       9%          3
 Leda's Liquefaction      Alch/Erth      12%        N/A       9%          4
 Momentum Strike          Conj/Tloc      26%        3d8       11%         2
 Alistair's Intoxication  Alch           17%        N/A       19%         5
 Lee's Rapid Deconstruct  Erth           12%        3d8*      26%         5
 Freeze                   Ice            20%        1d4       30%         1
 Kiss of Death            Conj/Necr      20%        2d7       30%         1
 Magic Dart               Conj           20%        1d4       30%         1
 Necrotise                Necr           20%        1d5       30%         1
 Call Imp                 Summ           10%        N/A       41%         2
 Ensorcelled Hibernation  Hex/Ice        10%        N/A       41%         2
 Ignite Poison            Fire/Alch      16%        N/A       41%         4
 Animate Armour           Summ/Erth      30%        N/A       47%         4
 Brom's Barrelling Bould  Conj/Erth      15%        2d4       47%         4
 Summon Lightning Spire   Summ/Air       15%        N/A       47%         4
 Confusing Touch          Hex            5%         N/A       65%         3
 Frozen Ramparts          Ice            10%        1d2       65%         3
 Hailstorm                Conj/Ice       5%         3d5       65%         3
 Summon Ice Beast         Ice/Summ       5%         N/A       65%         3
 Vampiric Draining        Necr           5%         2d6       65%         3
 Eringya's Noxious Bog    Alch           13%        4d6       71%         6
 Borgnjor's Vile Clutch   Necr/Erth      7%         N/A       83%         5
 Summon Forest            Summ/Tloc      6%         N/A       89%         5
 Freezing Cloud           Conj/Ice/Air   6%         6-21      95%         5
 Dispersal                Tloc           10%        N/A       95%         6
 Dispel Undead            Necr           5%         3d7       96%         4
 Martyr's Knell           Necr/Summ      5%         N/A       96%         4
 Curse of Agony           Necr           5%         N/A       100%        5
 Metabolic Englaciation   Hex/Ice        2%         N/A       100%        5
 Summon Mana Viper        Hex/Summ       5%         N/A       100%        5
 Bombard                  Conj/Erth      7%         9d2       100%        6
 Conjure Ball Lightning   Conj/Air       7%         3x3d6     100%        6
 Summon Cactus Giant      Summ           2%         N/A       100%        6
 Monstrous Menagerie      Summ           2%         N/A       100%        7
 Discord                  Hex            2%         N/A       100%        8
 Disjunction              Tloc           10%        N/A       100%        8
 Chain Lightning          Conj/Air       7%         3d10      100%        9
 Fire Storm               Conj/Fire      2%         8d1       100%        9
 Shatter                  Erth           12%        3d13*     100%        9

Inventory:

Hand Weapons
 D - a +0 spectral demon trident {polearm}
   (You found it in a wizard's laboratory)
Missiles
 c - 2 throwing nets (quivered) {=f!fthrowing}
 L - 10 javelins {throwing}
 P - 4 silver javelins {throwing}
 Y - 14 curare-tipped darts {=fthrowing}
Armour
 r - the +2 buckler of Conscience (worn) {rElec rN++ Will- Str+3}
   (You took it off a gnoll sergeant on level 6 of the Dungeon)

   Str+3:     It affects your strength (+3).
   rElec:     It insulates you from electricity.
   rN++:      It greatly protects you from negative energy.
   Will-:     It decreases your willpower.
 u - the +18 Lear's hauberk (worn)
   (You found it on level 6 of the Dungeon)
 C - a scarf of shadows (worn)
   (You found it on level 7 of the Dungeon)
Jewellery
 a - a ring of willpower
   (You found it on level 2 of the Vaults)
 m - an amulet of reflection (around neck)
   (You found it on level 4 of the Dungeon)
 n - a +4 ring of slaying
   (You found it on level 1 of the Vaults)
 s - a +5 ring of evasion
   (You found it on level 6 of the Dungeon)
 x - a +6 ring of strength (right claw)
   (You found it on level 6 of the Dungeon)
 z - a +6 ring of strength (left claw)
   (You found it on level 13 of the Dungeon)
 K - a ring of see invisible
   (You bought it in a shop on level 3 of the Elven Halls)
 M - the ring "Vaqif" {*Slow +Blink rN+ SInv}
   (You took it off a deep elf elementalist on level 3 of the Elven Halls)

   [ring of positive energy]

   rN+:       It protects you from negative energy.
   SInv:      It lets you see invisible.
   +Blink:    It lets you blink.
   *Slow:     It may slow you when you take damage.
 N - the ring "Ogariubb" {Fly rElec rF- Dex+5 Slay+4}
   (You acquired it on level 2 of the Spider Nest)

   [ring of slaying]

   Dex+5:     It affects your dexterity (+5).
   Slay+4:    It affects your accuracy & damage with ranged weapons and melee
   (+4).
   rF-:       It makes you vulnerable to fire.
   rElec:     It insulates you from electricity.
   Fly:       It grants you flight.
 Q - the ring of the Kitsune {rF++ Will+ AC+4 Str-5}
   (You took it off a deep elf high priest on level 3 of the Elven Halls)

   [ring of protection]

   AC+4:      It affects your AC (+4).
   Str-5:     It affects your strength (-5).
   rF++:      It greatly protects you from fire.
   Will+:     It increases your willpower.
 T - a ring of protection from fire
   (You took it off a deep elf death mage on level 3 of the Elven Halls)
 U - the necklace of Bloodlust {Fury *Rage Will++ Int-3 Slay+6}
   (You found it on level 9 of the Dungeon)

   [amulet of nothing]

   Fury:      It extends the wearer's berserk rage when killing foes.
   Int-3:     It affects your intelligence (-3).
   Slay+6:    It affects your accuracy & damage with ranged weapons and melee
   (+6).
   Will++:    It greatly increases your willpower.
   *Rage:     It berserks you when you make melee attacks (+50% chance).
 Z - a ring of willpower
   (You took it off a deep elf master archer on level 3 of the Elven Halls)
Wands
 b - a wand of acid (5)
   (You found it on level 3 of the Elven Halls)
 g - a wand of digging (7)
   (You found it on level 3 of the Dungeon)
 p - a wand of flame (27)
   (You found it on level 5 of the Dungeon)
 w - a wand of mindburst (47)
   (You found it on level 1 of the Lair of Beasts)
 y - a wand of paralysis (32)
   (You found it on level 2 of the Lair of Beasts)
 B - a wand of iceblast (5)
   (You found it on level 2 of the Lair of Beasts)
Scrolls
 i - a scroll of fog
 l - a scroll of butterflies
 o - 4 scrolls of teleportation {@r4}
 t - 8 scrolls of blinking {!r}
 v - a scroll of immolation {!r!r}
 I - a scroll of torment
 J - 2 scrolls of silence {!r}
 O - 8 scrolls of poison
 S - 3 scrolls of revelation
 W - 2 scrolls of vulnerability {!r!r}
Potions
 d - 2 potions of attraction {!q}
 e - 4 potions of resistance
 f - 2 potions of magic
 h - 15 potions of curing {@q1}
 j - 5 potions of enlightenment
 k - a potion of cancellation
 q - 2 potions of heal wounds {@q2}
 A - 7 potions of ambrosia
 E - 6 potions of brilliance
 F - 6 potions of invisibility
 H - 9 potions of haste {@q3}
Miscellaneous
 G - a phantom mirror
   (You found it on level 2 of the Spider Nest)
 R - a box of beasts
   (You found it on level 5 of the Lair of Beasts)
 X - a condenser vane
   (You found it on level 4 of the Shoals)

Dungeon Overview and Level Annotations

Branches:
Dungeon (15/15) Zot: 23706  Temple (0/1) D:6            Lair (5/5) D:8 Zot: 20007
 Shoals (4/4) Lair:3 Zot: 15313  Spider (4/4) Lair:2 Zot: 13857   Slime (0/5) Lair:5
    Orc (2/2) D:11 Zot: 9496     Elf (3/3) Orc:2 Zot: 10903  Vaults (3/5) D:14 Zot: 12035
  Crypt (0/3) Vaults:3     Depths (0/4) D:15         Bailey (visited)
 WizLab (1/1) Zot: 5411

Altars:
Fedhas
Gozag
Hepliaklqana
Kikubaaqudgha
Makhleb
Uskayaw
Vehumet
Wu Jian
Beogh
Jiyva
Lugonu

Shops:
D:2 =((!!   D:3 *   D:5 (   D:9 ?   D:11 (   D:12 !   Orc:1 (   Orc:2 ?[(!(
Elf:1 (   Elf:3 *[[=   Shoals:4 *!   Vaults:1 ?

Portals:
Abyss: Lair:5

Annotations:
Lair:5 2 transporters, exclusion: obsidian statue, Ixatt's ghost, journeyman MiFi
Shoals:3 2 transporters, CougarLife's ghost, adept GrBe
Orc:1 Besoupit's ghost, journeyman DrBe
Elf:2 3 runed translucent doors

♣♣♣ ...♣♣
.....♣♣♣
...c...♣♣
..∩...R.♣♣
♣....H@..♣♣
♣♣....♣...♣♣
♣.Nc♣♣♣...♣
♣.fc♣ ♣♣...♣
...♣ ♣♣...♣♣
..♣ ♣♣...♣♣
.♣♣♣♣...♣♣♣
♣♣...∩.).♣♣
♣♣.........♣♣


You could see a shambling mangrove, an eleionoma, a naga sharpshooter, a satyr,
a fenstrider witch and 2 centaur warriors.


Message History

A satyr comes into view. It is wielding a +0 quarterstaff.
The centaur warrior wields a +2 shortbow of flaming.
It bursts into flame!
The centaur warrior shoots an arrow.
You block the arrow with an invisible shield... and reflect it back!
The arrow hits the centaur warrior!
The arrow burns the centaur warrior.
You block the fenstrider witch's attack.
The fenstrider witch kicks you! 😕 HP[-17]
You take 17 damage, and now have 185/202 hp.
You mangle the fenstrider witch!!
You fester in the toxic bog.
You partially resist.
The centaur warrior shoots an arrow.
The arrow hits you but does no damage. 😕 HP[-4]
You take 4 damage, and now have 181/202 hp.
Your unstable footing causes you to fumble your attack.
You fester in the toxic bog.
You partially resist.
The fenstrider witch hits you but does no damage.
You block the fenstrider witch's attack.
The eleionoma hits you.
The satyr unwields a +0 quarterstaff.
The satyr wields a +0 longbow.
The satyr shoots an arrow.
The arrow hits you! 😕 HP[-18]
You take 18 damage, and now have 163/202 hp.
Your unstable footing causes you to fumble your attack.
You fester in the toxic bog.
You partially resist.
The centaur warrior shoots an arrow.
The arrow hits you but does no damage.
You block the fenstrider witch's attack.
The fenstrider witch kicks you but does no damage.
The centaur warrior shoots an arrow.
The arrow closely misses you.
You hear a shout! 😕 HP[-2]
You take 2 damage, and now have 161/202 hp.
Your unstable footing causes you to fumble your attack.
You fester in the toxic bog.
You partially resist. You block the eleionoma's attack.
The fenstrider witch hits you but does no damage.
The fenstrider witch kicks you.
The satyr shoots an arrow.
The arrow hits you!!
The centaur warrior shoots an arrow.
You block the arrow with an invisible shield... and reflect it back!
The arrow closely misses the centaur warrior.
A centaur warrior comes into view. 😮 HP[-27]
You take 27 damage, and now have 134/202 hp.
Unknown command.
You mangle the fenstrider witch!!
The fenstrider witch casts a spell at you.
You suddenly lose the ability to move!
The eleionoma hits you but does no damage.
The centaur warrior shoots an arrow.
The arrow hits you but does no damage.
The satyr shoots an arrow.
The arrow hits you!!
The fenstrider witch points at you and mumbles some strange words.
You shrug off the repeated paralysis!
The centaur warrior shoots an arrow.
The arrow hits you but does no damage.
The naga sharpshooter spits poison at you.
The splash of poison hits you but does no damage.
You resist.
A shambling mangrove comes into view.
The eleionoma hits you but does no damage.
The satyr shoots an arrow.
The arrow hits you!!
* * * LOW HITPOINT WARNING * * *
The centaur warrior shoots an arrow.
The arrow hits you!
* * * LOW HITPOINT WARNING * * *
The arrow burns you!
* * * LOW HITPOINT WARNING * * *
The fenstrider witch hits you!
* * * LOW HITPOINT WARNING * * *
The fenstrider witch kicks you.
* * * LOW HITPOINT WARNING * * *
The naga sharpshooter spits poison at you.
The splash of poison hits you but does no damage.
You resist.
The eleionoma hurls a spray of splinters at you.
The spray of wooden splinters hits you.
* * * LOW HITPOINT WARNING * * *
The centaur warrior shoots an arrow.
The arrow hits you!!
* * * LOW HITPOINT WARNING * * *
The arrow burns you!
* * * LOW HITPOINT WARNING * * *
The fenstrider witch gestures at you while chanting.
The toxic sludge hits you. You partially resist.
* * * LOW HITPOINT WARNING * * *
Splash!
You fall into the toxic bog.
Moving in this stuff is going to be slow.
You fester in the toxic bog.
You partially resist.
* * * LOW HITPOINT WARNING * * *
The centaur warrior shoots an arrow.
The arrow completely misses you.
The naga sharpshooter unwields a +0 trident.
The naga sharpshooter wields a +0 shortbow.
The naga sharpshooter shoots an arrow.
The arrow hits you but does no damage.
The eleionoma hits you but does no damage.
The fenstrider witch hits you!
* * * LOW HITPOINT WARNING * * *
The fenstrider witch kicks you.
* * * LOW HITPOINT WARNING * * *
You fester in the toxic bog.
You partially resist.
* * * LOW HITPOINT WARNING * * *
The centaur warrior shoots an arrow.
The arrow hits you but does no damage. The fenstrider witch barely misses you.
The fenstrider witch kicks you!
You die...
Your body crumbles into a pile of gold.

Skill      XL: |  1  2  3  4  5  6  7  8  9 10 11 12 13 14 15 16 17 18 19 20 21 22 |
---------------+-------------------------------------------------------------------+-----
Dodging        | 3 4 5 6 7 8 9 10 11 12 13 14 | 14.0
Unarmed Combat | 4 5 6 7 9 10 11 12 13 14 15 16 17 18 | 18.2
Armour         | 3 5 7 8 9 10 11 12 13 | 13.0
Fighting       | 5 7 8 9 10 11 12 13 14 15 16 17 18 | 18.1
Evocations     | 3 4 5 6 7 8 |  8.0
Alchemy        | 2 4 5 6 7 8 9 |  9.2
Spellcasting   | 2 4 5 6 7 8 9 10 | 10.7
Air Magic      | 2 4 5 6 7 8 |  8.4
Stealth        | 3 5 6 8 11 12 | 12.0
Throwing       | 2 4 5 6 7 |  7.9
Shields        | 1 3 4 |  4.0
Earth Magic    | 2 6 8 |  8.3
Translocations | 2 5 7 |  7.0

Action                     |  1- 3 |  4- 6 |  7- 9 | 10-12 | 13-15 | 16-18 | 19-21 | 22-24 || total
---------------------------+-------+-------+-------+-------+-------+-------+-------+-------++-------
  Melee: Unarmed           |    81 |   109 |   410 |   580 |  1204 |  1250 |  1458 |   701 ||  5793
         Punch             |     3 |     3 |    20 |    42 |   138 |    37 |       |       ||   243
  Throw: Javelin           |       |     3 |       |     2 |     3 |       |    21 |       ||    29
         Throwing net      |       |       |     1 |     1 |       |     4 |     1 |     5 ||    12
         Dart              |       |       |       |       |       |     1 |    17 |       ||    18
   Cast: Airstrike         |       |       |       |       |       |       |     6 |    12 ||    18
         Mercury Vapours   |       |       |       |       |       |       |     3 |       ||     3
         Blink             |       |       |       |       |       |       |     2 |     1 ||     3
 Invoke: Potion Petition   |       |       |       |       |     2 |     3 |    11 |       ||    16
  Evoke: Wand              |       |       |     1 |    18 |    11 |     5 |    59 |     2 ||    96
         Box of beasts     |       |       |       |       |       |     1 |     2 |     1 ||     4
         Phantom mirror    |       |       |       |       |       |       |     3 |       ||     3
         Condenser vane    |       |       |       |       |       |       |     2 |       ||     2
    Use: Potion            |       |     3 |     1 |       |     4 |    11 |    24 |     5 ||    48
         Scroll            |       |     9 |     8 |     5 |     7 |    10 |    13 |     4 ||    56
   Stab: Held in net/web   |       |       |     1 |       |       |     2 |       |       ||     3
         Distracted        |       |       |       |     4 |     6 |     7 |     9 |     3 ||    29
         Petrifying        |       |       |       |       |     1 |       |       |       ||     1
         Sleeping          |       |       |       |       |       |       |     7 |     3 ||    10
         Invisible         |       |       |       |       |       |       |     2 |       ||     2
 Armour: Leather armour    |    37 |    52 |    64 |       |       |       |       |       ||   153
         Chain mail        |       |       |   123 |   336 |   653 |  1317 |  1280 |   447 ||  4156
  Dodge: Dodged            |    38 |    50 |   270 |   381 |   726 |   729 |   605 |   258 ||  3057
         Repelled          |       |       |       |       |       |       |     2 |       ||     2
  Block: Other             |       |       |    83 |   106 |    78 |       |       |       ||   267
         Reflection        |       |       |     1 |     2 |       |       |    58 |    36 ||    97
         Buckler           |       |       |       |       |       |   286 |   697 |   256 ||  1239

Levels and vault maps discovered:
D:1:      shiori_arrival_oz, layout_basic
D:2:      layout_basic, serial_shops, nicolae_shop_peninsula, shop_fountains,
          nicolae_shop_stone, nicolae_lakefront_shop, shop,
          nicolae_ecumenical_pavilion, minmay_misc_feat_more_columns
D:3:      layout_loops_ring, mainiacjoe_overflow_alcove_4, serial_shops,
          nicolae_shop_back_alley_shop
D:4:      layout_cave_pods, minmay_between, uniq_natasha
D:5:      layout_basic, nicolae_gozag_cash_rules_everything_around_me,
          serial_glass, glass_columns_a, glass_columns_b, serial_shops, shop,
          kennysheep_another_room
D:6:      layout_cave_pools, lemuel_round_altar, mainiacjoe_overflow_brackets,
          vehumet_altar_wand_db, fedhas_altar_2, minmay_temple_entry_junction,
          gammafunk_ghost_gnarly_gnolls, grunt_ministairs_7,
          hellmonk_guarded_unrand_lears
D:7:      layout_cave_pools, nicolae_overflow_hidden_temple,
          minmay_stone_trees_medium, eino_jars
D:8:      layout_basic, david_lair_generic, uniq_amaemon
D:9:      layout_roguey, enter_bailey_4, serial_shops, shop,
          hangedman_glass_teeth, hellmonk_guarded_unrand_vitality_bloodlust,
          uniq_maggie
D:10:     layout_cave_pools, lemuel_tele_altar, serial_park, serial_park_tiny_2,
          serial_park_fountain, serial_park_square2, serial_park_tiny_1
D:11:     layout_loops_corners, orc_david_3, gammafunk_ghost_icy
D:12:     layout_rooms, serial_shops, shop, uniq_josephine, uniq_urug,
          uniq_fannar
D:13:     layout_roguey, minmay_increasing_density
D:14:     layout_small_grid, hellmonk_vaults_attempted_burglary,
          nicolae_uskayaw_suspiria, nrook_mini_backslash,
          onia_ninara_dug_in_and_dangerous
D:15:     hellmonk_depths_entry_around_the_bend, layout_loops_corners,
          nicolae_kikubaaqudgha_miasma_corner
Lair:1:   layout_gridlike, serial_bayou_shore_a, grunt_megastairs_3,
          infiniplex_staircase_pool_2
Lair:2:   layout_cave_shapes, hellmonk_spider_entry_life_and_decay,
          serial_bayou_shore_b, uniq_gastronok
Lair:3:   layout_cave_pods, elwin_shoals_entry_stream
Lair:4:   layout_hall_layers, gammafunk_ghost_split, minivault_24,
          lemuel_fruit_fields, grunt_megastairs_4, infiniplex_staircase_pool
Lair:5:   due_jungle_book, layout_big_grid, dpeg_slime_entry_enclosed,
          gammafunk_ghost_abyssal_escape, evilmike_ambush
          [evilmike_ambush_outer_basic, evilmike_ambush_inner_basic]
Shoals:1: layout_shoals, uniq_aizul, uniq_nikola, uniq_mlioglotl
Shoals:2: layout_shoals, wheals_shoals_ruined_temple
Shoals:3: layout_shoals, gammafunk_ghost_wrathful_warriors, uniq_ilsuiw
Shoals:4: shoals_end_simple, layout_shoals, serial_shops,
          nicolae_shop_tiny_statue_garden, nicolae_shop_overcharged_wands
Spider:1: layout_spider_delve, nicolae_spider_moth_buddies
Spider:2: layout_spider_delve, drop_trap
Spider:3: layout_spider_delve, special_room
Spider:4: grunt_spider_rune_parallel
Orc:1:    layout_diamond_mine, gammafunk_ghost_berserking_beasts, serial_shops,
          nicolae_shop_tiny_real_fake_doors, minmay_orc_keep, uniq_erolcha
Orc:2:    grunt_orc_community_town_hall, layout_diamond_mine,
          grunt_orc_community_big_house_2, grunt_orc_community_big_house_2,
          grunt_orc_community_house_1, grunt_orc_community_house_3,
          grunt_orc_community_house_1, grunt_orc_community_house_2,
          serial_shops, shop, uniq_jorgrun
Elf:1:    kennysheep_spiral_hall, layout_loops_cross,
          portal_desolation_entry_garden, serial_shops, shop,
          nicolae_elf_theology_debate, uniq_azrael, uniq_frances
Elf:2:    nicolae_elf_blades_crystal_corner, layout_geoelf_diagonals
Elf:3:    elf_hall_gauntlet_narrow, layout_geoelf_grid,
          hellmonk_ghost_happy_afterlife, minmay_shoptagon
Vaults:1: vaults_room_stairs_pillars, v_misc_33, nicolae_vaults_diamond_2,
          nicolae_vaults_little_ls, vaults_room_grunt_arrival_ludios,
          v_alt_pattern_1, nicolae_vaults_three_branches,
          nicolae_vaults_double_plus_1, nicolae_vaults_shelves_hall,
          nicolae_vaults_storage_closets_2, layout_vaults_omnigrid,
          serial_shops, nicolae_shop_gibbet_a_chance
Vaults:2: hangedman_vaults_impose, v_pattern_5, nicolae_vaults_surprise_closet,
          vaults_room_fancy_cross, hangedman_vaults_nails, v_alt_pattern_3,
          nicolae_vaults_trapezoid_3, ontoclasm_vaults_chip,
          nicolae_vaults_closet_pinwheel_1, nicolae_vaults_closet_pinwheel_1,
          v_misc_17, v_misc_16, nicolae_vaults_ring_of_whatevers,
          vaults_dpeg_doors, nicolae_vaults_double_plus_1,
          nicolae_vaults_little_squares_2, layout_vaults_maze_bifur
Vaults:3: lightli_enter_wizlab_magi_temple, minmay_crypt_entry_simple_box,
          nicolae_vaults_more_shelving_2, nicolae_vaults_little_squares_1,
          nicolae_vaults_closet_pinwheel_1, nicolae_vaults_closet_pinwheel_4,
          vaults_mumra_hex, ontoclasm_vaults_gateway, vaults_dpeg_encased_lava,
          nicolae_vaults_surprise_closet,
          nicolae_vaults_taking_the_gang_shopping, layout_vaults_big_room
WizLab:   wizlab_eringya

Notes
Turn   | Place    | Note
-------+----------+-------------------------------------------
     0 | D:1      | Zonian the Ghoul Gladiator began the quest for the Orb.
     0 | D:1      | Reached XP level 1. HP: 17/17 MP: 1/1
     0 | D:1      | magus.rc [v1.9.6]
   150 | D:1      | Reached skill level 3 in Dodging
   150 | D:1      | Reached XP level 2. HP: 24/24 MP: 2/2
   363 | D:1      | Reached XP level 3. HP: 29/29 MP: 3/3
   367 | D:1      | Reached skill level 4 in Unarmed Combat
   568 | D:2      | Found a faded altar of an unknown god.
   735 | D:2      | Reached XP level 4. HP: 17/36 MP: 4/4
   802 | D:2      | HP: 8/36 [orc wizard/+0 dagger (2)]
   806 | D:2      | Found Abow Wen's Distillery.
   810 | D:2      | HP: 8/36 [something (1)]
   812 | D:2      | Reached skill level 4 in Dodging
   812 | D:2      | Reached XP level 5. HP: 9/41 MP: 5/5
   999 | D:2      | You pick up a book of Frost and begin reading...
   999 | D:2      | You add the spells Freeze, Frozen Ramparts and Hailstorm to
                  | your library.
  1041 | D:2      | Found Zudwuese's Distillery.
  1046 | D:2      | Bought a potion of curing for 30 gold pieces
  1101 | D:2      | Reached skill level 5 in Unarmed Combat
  1140 | D:2      | Found Jutu's Antique Weapon Emporium.
  1213 | D:2      | Found Tepp's Weapon Boutique.
  1280 | D:2      | You fall into a shaft and drop 2 floors!
  1791 | D:3      | Found Xudduk's General Store.
  1890 | D:3      | Found an ancient bone altar of Kikubaaqudgha.
  2226 | D:2      | Found Lusapt's Jewellery Emporium.
  2282 | D:4      | Noticed Natasha
  2291 | D:4      | Killed Natasha
  2480 | D:4      | Reached XP level 6. HP: 48/48 MP: 6/6
  2567 | D:4      | Reached skill level 5 in Dodging
  2567 | D:4      | Reached skill level 6 in Unarmed Combat
  2623 | D:4      | You add the spells Gell's Gravitas, Teleport Other and
                  | Dispersal to your library.
  2856 | D:4      | Reached XP level 7. HP: 55/55 MP: 7/7
  3160 | D:4      | Noticed Natasha
  3166 | D:4      | Killed Natasha
  3267 | D:5      | Entered Level 5 of the Dungeon
  3570 | D:5      | Found an opulent altar of Gozag.
  3585 | D:5      | Became a worshipper of Gozag Ym Sagoz the Greedy
  3612 | D:5      | Found Pivian's Weapon Boutique.
  3630 | D:5      | Reached skill level 7 in Unarmed Combat
  3737 | D:5      | Reached skill level 6 in Dodging
  4196 | D:5      | Reached XP level 8. HP: 55/61 MP: 8/8
  4346 | D:4      | Noticed Natasha
  4355 | D:4      | Killed Natasha
  4496 | D:5      | Reached skill level 8 in Unarmed Combat
  4914 | D:6      | Reached skill level 7 in Dodging
  5057 | D:6      | Found a radiant altar of Vehumet.
  5205 | D:2      | Bought a potion of heal wounds for 55 gold pieces
  5205 | D:2      | Bought 2 potions of curing for 66 gold pieces
  5297 | D:6      | Found a hide-covered altar of Uskayaw.
  5347 | D:6      | Noticed a troll
  5357 | D:6      | Killed a troll
  5358 | D:6      | Reached skill level 9 in Unarmed Combat
  5415 | D:6      | Found the +18 Lear's hauberk
  5463 | D:6      | Reached XP level 9. HP: 67/67 MP: 9/9
  5467 | D:6      | Found a staircase to the Ecumenical Temple.
  5506 | D:6      | Found an ornate altar of the Wu Jian Council.
  5561 | D:6      | Reached skill level 1 in Armour
  5644 | D:6      | Found a blossoming altar of Fedhas.
  5711 | D:6      | You pick up a book of Storms and begin reading...
  5711 | D:6      | You add the spells Static Discharge, Airstrike and Summon
                  | Lightning Spire to your library.
  5852 | D:6      | Found a transporter.
  5853 | D:6      | Identified the +5 spear "Neura" {pain, Fly rF++ rC- Int+2}
  5853 | D:6      | Identified the +1 scale mail of Itoreew {MP-9 Str+2 Dex+3}
  5853 | D:6      | Identified the +2 buckler of Conscience {rElec rN++ Will-
                  | Str+3}
  5864 | D:6      | Noticed whatisthis's ghost (amateur GnRe)
  5899 | D:6      | Reached skill level 3 in Fighting
  5903 | D:6      | You pick up a book of Necromancy and begin reading...
  5903 | D:6      | You add the spells Necrotise, Vampiric Draining, Martyr's
                  | Knell and Curse of Agony to your library.
  6018 | D:6      | Found a transporter.
  6307 | D:7      | Reached skill level 8 in Dodging
  6448 | D:7      | Reached skill level 2 in Armour
  6961 | D:7      | Reached skill level 4 in Fighting
  7066 | D:7      | Reached skill level 10 in Unarmed Combat
  7120 | D:7      | Reached skill level 3 in Armour
  7449 | D:7      | Found a hazy altar of Hepliaklqana.
  7625 | D:8      | Noticed Amaemon
  7667 | D:8      | Killed Amaemon
  7668 | D:8      | Reached skill level 5 in Fighting
  7668 | D:8      | Reached XP level 10. HP: 61/81 MP: 10/10
  7764 | D:8      | Reached skill level 4 in Armour
  7798 | D:8      | Noticed an orange demon
  7816 | D:8      | Killed an orange demon
  8076 | D:8      | Found a staircase to the Lair.
  8080 | D:8      | Noticed an elephant
  8088 | D:8      | Reached skill level 9 in Dodging
  8099 | D:8      | Killed an elephant
  8100 | D:8      | Reached skill level 6 in Fighting
  8615 | D:8      | Reached skill level 11 in Unarmed Combat
  8961 | Lair:1   | Entered Level 1 of the Lair of Beasts
  9001 | Lair:1   | Reached skill level 5 in Armour
  9152 | Lair:1   | Reached skill level 7 in Fighting
  9152 | Lair:1   | Reached XP level 11. HP: 66/92 MP: 11/11
  9428 | Lair:1   | Reached skill level 6 in Armour
  9479 | Lair:1   | Reached skill level 10 in Dodging
  9967 | Lair:1   | Reached skill level 8 in Fighting
 10005 | Lair:1   | Reached skill level 12 in Unarmed Combat
 10048 | Lair:1   | Noticed a boulder beetle
 10056 | Lair:1   | Killed a boulder beetle
 10529 | Lair:2   | Found a hole to the Spider Nest.
 10765 | Lair:2   | Reached skill level 7 in Armour
 10770 | Lair:2   | Reached XP level 12. HP: 85/103 MP: 12/12
 10843 | Lair:2   | You add the spells Sting, Mercury Vapours and Olgreb's
                  | Toxic Radiance to your library.
 10879 | Lair:2   | Learned a level 2 spell: Mercury Vapours
 11099 | Lair:2   | Reached skill level 9 in Fighting
 11160 | Lair:2   | Reached skill level 1 in Evocations
 11303 | Lair:2   | Noticed Gastronok
 11501 | Lair:2   | Reached skill level 1 in Alchemy
 11663 | Lair:2   | Reached skill level 1 in Spellcasting
 11663 | Lair:2   | Reached skill level 1 in Air Magic
 11675 | Lair:2   | Killed Gastronok
 11854 | Lair:3   | Noticed an eight-headed hydra
 11859 | Lair:3   | Killed an eight-headed hydra
 12166 | Lair:3   | Reached skill level 2 in Evocations
 12175 | Lair:3   | Reached skill level 2 in Alchemy
 12252 | Lair:3   | Found a staircase to the Shoals.
 12258 | Lair:3   | Reached skill level 2 in Spellcasting
 12258 | Lair:3   | Reached skill level 2 in Air Magic
 12633 | Lair:3   | Noticed a five-headed hydra
 12650 | Lair:3   | Killed a five-headed hydra
 13319 | Lair:3   | Reached skill level 11 in Dodging
 13349 | Lair:4   | Reached skill level 13 in Unarmed Combat
 13387 | Lair:4   | Noticed a six-headed hydra
 13391 | Lair:4   | Noticed a skyshark
 13413 | Lair:3   | Killed a skyshark
 13944 | Lair:4   | Noticed a boulder beetle
 13956 | Lair:4   | Killed a six-headed hydra
 13957 | Lair:4   | Reached skill level 3 in Evocations
 13957 | Lair:4   | Reached XP level 13. HP: 94/112 MP: 16/16
 13985 | Lair:4   | Reached skill level 3 in Alchemy
 14109 | Lair:4   | Found a runed translucent gate.
 14112 | Lair:4   | Noticed Agan's ghost (journeyman MeSh)
 14138 | Lair:4   | Found a runed translucent gate.
 14138 | Lair:4   | Found a runed translucent gate.
 14164 | Lair:4   | Reached skill level 8 in Armour
 14586 | Lair:4   | Reached skill level 3 in Spellcasting
 14730 | Lair:4   | Reached skill level 3 in Air Magic
 14741 | Lair:4   | Reached skill level 10 in Fighting
 15041 | Lair:5   | Entered Level 5 of the Lair of Beasts
 15456 | Lair:5   | Found a transporter.
 15771 | Lair:5   | Found a viscous altar of Jiyva.
 15771 | Lair:5   | Found a staircase to the Slime Pits.
 15818 | Lair:5   | Reached skill level 4 in Alchemy
 15818 | Lair:5   | Reached skill level 4 in Evocations
 16105 | Lair:5   | Noticed Ixatt's ghost (journeyman MiFi)
 16271 | Lair:5   | Found a transporter.
 16349 | Lair:5   | Found a one-way gate to the infinite horrors of the Abyss.
 16765 | Lair:5   | Noticed a dire elephant
 16782 | Lair:5   | Killed a dire elephant
 16783 | Lair:5   | Reached skill level 4 in Spellcasting
 16810 | Lair:5   | Noticed a dire elephant
 16810 | Lair:5   | Noticed a dire elephant
 16811 | Lair:5   | Noticed a dire elephant
 16856 | Lair:5   | Reached skill level 4 in Air Magic
 16905 | Lair:5   | Reached XP level 14. HP: 107/122 MP: 20/20
 17548 | Lair:5   | Killed a dire elephant
 17549 | Lair:5   | Reached skill level 5 in Evocations
 17561 | Lair:5   | Killed a dire elephant
 17562 | Lair:5   | Reached skill level 9 in Armour
 17562 | Lair:5   | Reached skill level 5 in Alchemy
 17884 | Lair:5   | Killed a dire elephant
 17885 | Lair:5   | Reached skill level 11 in Fighting
 18508 | D:9      | Identified the +9 whip "Temog" {protect, Dex+4}
 18515 | D:9      | Found Doetocw's Magic Scroll Shop.
 18517 | D:9      | Noticed Maggie
 18525 | D:9      | Killed Maggie
 18529 | D:9      | Bought a scroll of teleportation for 33 gold pieces
 18596 | D:9      | Found a flagged portal.
 18621 | Bailey   | Entered a bailey
 18672 | Bailey   | Reached skill level 14 in Unarmed Combat
 18757 | Bailey   | Noticed Prince Ribbit
 18766 | Bailey   | Killed Prince Ribbit
 18775 | Bailey   | Reached skill level 1 in Stealth
 19153 | D:9      | Reached skill level 2 in Stealth
 19262 | D:9      | Found the necklace of Bloodlust {Fury *Rage Will++ Int-3
                  | Slay+6}
 19645 | D:10     | Entered Level 10 of the Dungeon
 19707 | D:10     | Reached skill level 5 in Spellcasting
 19951 | D:10     | Reached skill level 5 in Air Magic
 20143 | D:10     | Identified the +3 sling of the Genius {freeze, rElec rN++
                  | Int+2 Dex-4}
 20540 | D:11     | Noticed jboons's ghost (journeyman DjFi)
 20611 | D:11     | Found a runed translucent gate.
 20611 | D:11     | Found a runed translucent gate.
 20611 | D:11     | Found a runed translucent gate.
 20697 | D:11     | Found Muubatarph's Weapon Shop.
 20702 | D:11     | Found a staircase to the Orcish Mines.
 20742 | D:11     | Bought 2 darts of dispersal for 30 gold pieces
 21431 | D:12     | Noticed Josephine
 21442 | D:12     | Killed Josephine
 21443 | D:12     | Reached skill level 2 in Throwing
 21443 | D:12     | Reached skill level 3 in Stealth
 21705 | D:12     | Reached XP level 15. HP: 130/130 MP: 22/22
 21814 | D:12     | Found Osioleda's Distillery.
 21818 | D:12     | Noticed Fannar
 21834 | D:12     | Killed Fannar
 21890 | D:12     | Bought 3 potions of curing for 99 gold pieces
 21890 | D:12     | Bought a potion of might for 44 gold pieces
 21941 | D:12     | Reached skill level 6 in Alchemy
 22152 | D:12     | Noticed Urug
 22164 | D:12     | Killed Urug
 22671 | D:13     | Reached skill level 4 in Stealth
 23023 | D:13     | Reached skill level 3 in Throwing
 23502 | D:14     | Reached skill level 12 in Fighting
 23941 | D:14     | Reached skill level 5 in Stealth
 23952 | D:14     | Reached skill level 10 in Armour
 24209 | D:14     | Reached skill level 6 in Spellcasting
 24209 | D:14     | Reached skill level 6 in Air Magic
 24790 | D:14     | Found a hide-covered altar of Uskayaw.
 24938 | D:14     | Found a gate to the Vaults.
 25017 | D:15     | Entered Level 15 of the Dungeon
 25035 | D:15     | Reached skill level 4 in Throwing
 25369 | D:15     | Found an ancient bone altar of Kikubaaqudgha.
 25412 | D:15     | Reached XP level 16. HP: 129/140 MP: 25/25
 25549 | D:15     | Reached skill level 6 in Stealth
 25819 | D:15     | Reached skill level 7 in Alchemy
 25868 | D:15     | Reached skill level 15 in Unarmed Combat
 26088 | D:15     | Found a staircase to the Depths.
 26912 | D:6      | Identified a potion of experience
 26913 | D:6      | Reached skill level 13 in Fighting
 26913 | D:6      | Reached XP level 17. HP: 151/151 MP: 26/26
 26932 | D:6      | Killed whatisthis's ghost
 27459 | D:11     | Killed jboons's ghost
 27891 | Lair:4   | Killed Agan's ghost
 28389 | Orc:1    | Entered Level 1 of the Orcish Mines
 28469 | Orc:1    | You pick up a book of Spatial Translocations and begin
                  | reading...
 28469 | Orc:1    | You add the spells Blink, Momentum Strike and Lesser
                  | Beckoning to your library.
 28607 | Orc:1    | Noticed Erolcha
 28610 | Orc:1    | Killed Erolcha
 28611 | Orc:1    | Reached skill level 7 in Stealth
 28620 | Orc:1    | Found a transporter.
 28651 | Orc:1    | Found a transporter.
 28670 | Orc:1    | Noticed Besoupit's ghost (journeyman DrBe)
 28765 | Orc:1    | Found Wypp's Antique Weapon Shop.
 28902 | Orc:1    | HP: 18/151 [warg (25)]
 28902 | Orc:1    | HP: 4/151 [Besoupit's ghost (12)]
 29490 | Orc:2    | Entered Level 2 of the Orcish Mines
 29526 | Orc:2    | Reached skill level 12 in Dodging
 29534 | Orc:2    | Noticed Jorgrun
 29535 | Orc:2    | Found Reas Wirumi's Distillery.
 29550 | Orc:2    | HP: 34/151 [Jorgrun/iron shot (32)]
 29551 | Orc:2    | Killed Jorgrun
 29803 | Orc:2    | Bought a potion of heal wounds for 70 gold pieces
 29803 | Orc:2    | Bought a potion of enlightenment for 70 gold pieces
 29812 | Orc:2    | Found a roughly hewn altar of Beogh.
 29900 | Orc:2    | Found a roughly hewn altar of Beogh.
 29911 | Orc:2    | Reached skill level 5 in Throwing
 29911 | Orc:2    | Found Sududud's Antique Weapon Boutique.
 30140 | Orc:2    | Found a roughly hewn altar of Beogh.
 30219 | Orc:2    | Found a staircase to the Elven Halls.
 30243 | Orc:2    | Found a roughly hewn altar of Beogh.
 30256 | Orc:2    | Reached skill level 14 in Fighting
 30270 | Orc:2    | Found Ittorola's Magic Scroll Boutique.
 30278 | Orc:2    | Bought a scroll of teleportation for 42 gold pieces
 30278 | Orc:2    | Bought a scroll of torment for 133 gold pieces
 30278 | Orc:2    | Bought a scroll of fog for 56 gold pieces
 30278 | Orc:2    | Bought a scroll of fear for 56 gold pieces
 30296 | Orc:2    | Found a roughly hewn altar of Beogh.
 30376 | Orc:2    | Noticed Saint Roka
 30417 | Orc:2    | Killed Saint Roka
 30688 | Orc:2    | Found Puguphor's Antique Weapon Shop.
 30689 | Orc:2    | Found a roughly hewn altar of Beogh.
 30689 | Orc:2    | Found Husilur's Antique Armour Boutique.
 30708 | Orc:2    | Bought a shiny buckler for 180 gold pieces
 31030 | Spider:1 | Entered Level 1 of the Spider Nest
 31353 | Spider:1 | Reached skill level 8 in Stealth
 31378 | Spider:1 | Reached skill level 7 in Air Magic
 31626 | Spider:1 | Reached skill level 7 in Spellcasting
 31640 | Spider:1 | HP: 38/152 [jumping spider (7)]
 31895 | Spider:1 | You pick up a book of Geomancy and begin reading...
 31895 | Spider:1 | You add the spells Sandblast, Passwall, Stone Arrow and
                  | Brom's Barrelling Boulder to your library.
 33152 | Spider:1 | Reached XP level 18. HP: 159/160 MP: 28/28
 33498 | Spider:2 | Reached skill level 9 in Stealth
 34530 | Spider:2 | Reached skill level 8 in Alchemy
 34741 | Spider:2 | Reached skill level 11 in Armour
 35449 | Spider:2 | Learned a level 4 spell: Airstrike
 35487 | Spider:3 | Reached skill level 6 in Throwing
 35564 | Spider:3 | Reached skill level 13 in Dodging
 35953 | Spider:3 | Identified a scroll of acquirement
 36163 | Spider:3 | Reached skill level 10 in Stealth
 36163 | Spider:3 | Reached skill level 6 in Evocations
 36472 | Spider:2 | Acquired the ring "Ogariubb" {Fly rElec rF- Dex+5 Slay+4}
 39097 | Spider:3 | You pick up a book of Minor Magic and begin reading...
 39097 | Spider:3 | You add the spells Magic Dart and Call Imp to your library.
 39285 | Spider:4 | Entered Level 4 of the Spider Nest
 39420 | Spider:4 | You pick up a book of Vapours and begin reading...
 39420 | Spider:4 | You add the spells Mephitic Cloud and Freezing Cloud to
                  | your library.
 40599 | Spider:4 | HP: 32/162 [wolf spider (10)]
 40632 | Spider:4 | Reached skill level 11 in Stealth
 40643 | Spider:4 | Reached XP level 19. HP: 58/169 MP: 1/30
 40670 | Spider:4 | Reached skill level 16 in Unarmed Combat
 40914 | Spider:4 | Reached skill level 1 in Shields
 41142 | Spider:4 | Got a gossamer rune of Zot
 41146 | Spider:4 | Reached skill level 15 in Fighting
 41146 | Spider:4 | Reached XP level 20. HP: 180/180 MP: 31/31
 41196 | Spider:4 | Reached skill level 8 in Air Magic
 41337 | Spider:4 | magus.rc [v1.9.6]
 41449 | Shoals:1 | Entered Level 1 of the Shoals
 41512 | Shoals:1 | HP: 37/180 [cyclops/large rock (17)]
 41703 | Shoals:1 | Reached skill level 8 in Spellcasting
 42586 | Shoals:1 | Identified the serpent talisman of Negation {Int+2}
 42586 | Shoals:1 | Noticed Aizul
 42605 | Shoals:1 | Killed Aizul
 42830 | Shoals:1 | Noticed Nikola
 42843 | Shoals:1 | Killed Nikola
 42844 | Shoals:1 | Noticed Mlioglotl
 42861 | Shoals:1 | Killed Mlioglotl
 42873 | Shoals:1 | Reached skill level 16 in Fighting
 42873 | Shoals:1 | Reached skill level 2 in Shields
 43437 | Shoals:2 | You pick up a book of the Earth and begin reading...
 43437 | Shoals:2 | You add the spells Leda's Liquefaction, Lee's Rapid
                  | Deconstruction and Bombard to your library.
 43445 | Shoals:2 | Reached skill level 9 in Alchemy
 43531 | Shoals:2 | Reached skill level 7 in Evocations
 44062 | Shoals:2 | Reached skill level 12 in Stealth
 44546 | Shoals:2 | Reached skill level 14 in Dodging
 44604 | Shoals:2 | Found a burning altar of Makhleb.
 45366 | Shoals:2 | HP: 44/180 [tentacle[a kraken] (10)]
 45367 | Shoals:2 | HP: 18/180 [tentacle[a kraken] (11)]
 46203 | Shoals:3 | Learned a level 2 spell: Blink
 46207 | Shoals:3 | Learned a level 3 spell: Stone Arrow
 46243 | Shoals:3 | Reached skill level 3 in Shields
 46538 | Shoals:3 | Noticed Ilsuiw
 46584 | Shoals:3 | Killed Ilsuiw
 47258 | Shoals:3 | Noticed CougarLife's ghost (adept GrBe)
 47299 | Shoals:3 | Reached skill level 1 in Earth Magic
 47313 | Shoals:3 | Found a transporter.
 47318 | Shoals:3 | Found a transporter.
 47463 | Shoals:4 | Entered Level 4 of the Shoals
 47481 | Shoals:4 | Reached skill level 1 in Translocations
 47669 | Shoals:4 | Found Umec's Overcharged Wands.
 47724 | Shoals:4 | HP: 43/181 [merfolk/+0 trident[a merfolk javelineer] (13)]
 47727 | Shoals:4 | HP: 21/181 [merfolk/+0 trident[a merfolk javelineer] (11)]
 48034 | Shoals:4 | You pick up a book of Touch and begin reading...
 48034 | Shoals:4 | You add the spells Kiss of Death, Confusing Touch and
                  | Dispel Undead to your library.
 48342 | Shoals:4 | Reached skill level 12 in Armour
 48733 | Shoals:4 | Reached skill level 2 in Earth Magic
 48741 | Shoals:4 | Identified the +0 pair of gloves "Ypeleir" {Stlth+}
 49004 | Shoals:4 | Identified the +4 halberd "Vice" {drain, Will++}
 49064 | Shoals:4 | Reached skill level 2 in Translocations
 49151 | Shoals:4 | You pick up a book of Chaos and begin reading...
 49151 | Shoals:4 | You add the spells Conjure Ball Lightning, Disjunction and
                  | Discord to your library.
 49286 | Shoals:4 | HP: 33/182 [water nymph/the raging water (18)]
 49292 | Shoals:4 | Found Ebyics's Distillery.
 49292 | Shoals:4 | HP: 33/182 [merfolk javelineer/javelin (10)]
 49310 | Shoals:4 | HP: 36/182 [merfolk javelineer/silver javelin (21)]
 49316 | Shoals:4 | HP: 38/182 [merfolk aquamancer/torrent of water (13)]
 49321 | Shoals:4 | HP: 44/182 [merfolk javelineer/silver javelin (3)]
 49710 | Shoals:4 | Got a barnacled rune of Zot
 49751 | Shoals:4 | Bought a potion of haste for 130 gold pieces
 49751 | Shoals:4 | Bought a potion of heal wounds for 65 gold pieces
 49751 | Shoals:4 | Bought a potion of resistance for 130 gold pieces
 49818 | Shoals:4 | Reached XP level 21. HP: 123/189 MP: 33/33
 50222 | Elf:1    | Entered Level 1 of the Elven Halls
 50240 | Elf:1    | Found a crumbling gateway.
 50250 | Elf:1    | Noticed Azrael
 50251 | Elf:1    | Noticed Frances
 50272 | Elf:1    | Killed Azrael
 50281 | Elf:1    | Killed Frances
 50282 | Elf:1    | Reached skill level 4 in Shields
 50560 | Elf:1    | Reached skill level 3 in Earth Magic
 50953 | Elf:1    | Found a corrupted altar of Lugonu.
 50966 | Elf:1    | Found a roughly hewn altar of Beogh.
 50973 | Elf:1    | Identified the staff of Untruth {rN+ Will++ Earth}
 51119 | Elf:1    | Found Hatret's Antique Weapon Emporium.
 51379 | Elf:1    | HP: 40/189 [burnt (10)]
 51904 | Elf:1    | Reached skill level 8 in Evocations
 52238 | Elf:2    | Reached skill level 3 in Translocations
 52257 | Elf:2    | Reached skill level 9 in Spellcasting
 52498 | Elf:2    | Reached skill level 4 in Earth Magic
 52684 | Elf:2    | HP: 44/190 [deep elf archer/arrow (21)]
 53397 | Elf:2    | Upgraded the game from 0.32-a0-473-gd044c6f0f0 to
                  | 0.32-a0-485-g70f7560b1c
 53397 | Elf:2    | magus.rc [v1.9.6]
 53887 | Elf:2    | Found a runed translucent gate.
 53888 | Elf:2    | Found a runed translucent gate.
 53888 | Elf:2    | Found a runed translucent gate.
 53939 | Elf:3    | Entered Level 3 of the Elven Halls
 54176 | D:3      | Bought a potion of enlightenment for 55 gold pieces
 54176 | D:3      | Bought 2 potions of enlightenment for 110 gold pieces
 54176 | D:3      | Bought 2 potions of curing for 66 gold pieces
 54414 | Elf:3    | Found Haesytacyx's Assorted Antiques.
 54420 | Elf:3    | Reached skill level 17 in Unarmed Combat
 54432 | Elf:3    | Found Ofrox's Armour Emporium.
 54432 | Elf:3    | Found Ekhlizor's Armour Shoppe.
 54436 | Elf:3    | Found Boufuv's Jewellery Emporium.
 54442 | Elf:3    | Bought a ring of see invisible for 150 gold pieces
 55148 | Elf:3    | You add the spells Alistair's Intoxication, Borgnjor's Vile
                  | Clutch and Eringya's Noxious Bog to your library.
 55200 | Elf:3    | Noticed Atupnera's ghost (adept OpDe)
 55206 | Elf:3    | Found a runed translucent door.
 55210 | Elf:3    | Paralysed by an air elemental for 1 turns
 55246 | Elf:3    | Reached skill level 4 in Translocations
 55254 | Elf:3    | HP: 43/190 [deep elf archer/+0 short sword (16)]
 55258 | Elf:3    | HP: 15/190 [+3 scimitar of protection (20)]
 55265 | Elf:3    | HP: 28/190 [deep elf knight/shard of ice (34)]
 55273 | Elf:3    | HP: 33/190 [something/shard of ice (18)]
 55285 | Elf:3    | HP: 37/190 [something (15)]
 55292 | Elf:3    | HP: 34/190 [deep elf archer/arrow (15)]
 55302 | Elf:3    | HP: 38/190 [deep elf archer/+0 short sword (13)]
 55306 | Elf:3    | Reached skill level 5 in Earth Magic
 55632 | Elf:3    | Killed Atupnera's ghost
 55633 | Elf:3    | Reached skill level 17 in Fighting
 56378 | Elf:3    | Identified the ring "Vaqif" {*Slow +Blink rN+ SInv}
 57277 | Elf:3    | Identified the +6 quarterstaff of Courage {drain, *Noise
                  | rElec rPois rN++}
 57297 | Elf:3    | Identified the +5 glaive "Taamec" {freeze, ^Contam rF++
                  | Str-5 SInv}
 57297 | Elf:3    | Identified the ring of Trepidation {rPois Dex+3}
 57306 | Elf:3    | Identified the +0 chain mail "Sonel" {Will+ Regen+ Int+3}
 57312 | Elf:3    | Identified the ring of the Kitsune {rF++ Will+ AC+4 Str-5}
 57320 | Elf:3    | Identified the amulet of Ciadetes {RegenMP rPois rN++ Int-3
                  | Dex+2}
 57354 | Elf:3    | Upgraded the game from 0.32-a0-485-g70f7560b1c to
                  | 0.32-a0-520-g344ed53f66
 57354 | Elf:3    | magus.rc [v1.9.6]
 57460 | Elf:3    | You add the spells Ensorcelled Hibernation, Animate Armour
                  | and Metabolic Englaciation to your library.
 57460 | Elf:3    | Got the Anthology of Petrous Mischance
 57538 | Elf:3    | Identified the staff "Arphelauh" {*Slow rF++ rC+ Conj Ice}
 57544 | Elf:3    | You pick up a book of Storms and begin reading...
 57557 | Elf:3    | You pick up a book of Annihilations and begin reading...
 57557 | Elf:3    | You add the spells Chain Lightning, Fire Storm and Shatter
                  | to your library.
 57559 | Elf:3    | Identified the staff of the Hills {rC+ Dex+2 Ice Air}
 57572 | Elf:3    | You add the spells Cigotuvi's Dreadful Rot and Ignite
                  | Poison to your library.
 57864 | Vaults:1 | Entered Level 1 of the Vaults
 58610 | Vaults:1 | Reached skill level 6 in Earth Magic
 58778 | Vaults:1 | Reached skill level 5 in Translocations
 58863 | Vaults:1 | Found Zeahodd's Magic Scroll Boutique.
 58877 | Vaults:1 | Bought a scroll of blinking for 150 gold pieces
 58877 | Vaults:1 | Bought a scroll of blinking for 150 gold pieces
 58928 | Vaults:1 | Reached XP level 22. HP: 200/200 MP: 35/35
 58929 | Vaults:1 | Upgraded the game from 0.32-a0-520-g344ed53f66 to
                  | 0.32-a0-599-gba8f9cf90e
 58929 | Vaults:1 | magus.rc [v1.9.6]
 59002 | Vaults:1 | Reached skill level 13 in Armour
 59418 | Vaults:1 | Noticed an ancient lich
 59431 | Vaults:1 | Killed an ancient lich
 59716 | Vaults:1 | Reached skill level 10 in Spellcasting
 60950 | Vaults:1 | Reached skill level 7 in Earth Magic
 61369 | Vaults:2 | Reached skill level 6 in Translocations
 61385 | Vaults:2 | Reached skill level 7 in Throwing
 62789 | Vaults:2 | You pick up a book of Beasts and begin reading...
 62789 | Vaults:2 | You add the spells Summon Ice Beast, Summon Mana Viper and
                  | Monstrous Menagerie to your library.
 63368 | Vaults:3 | Reached skill level 18 in Unarmed Combat
 63821 | Vaults:3 | Reached skill level 18 in Fighting
 63870 | Vaults:3 | Reached skill level 8 in Earth Magic
 64027 | Vaults:3 | Found a staircase to the Crypt.
 64079 | Vaults:3 | Found a magical portal.
 64102 | WizLab   | Entered Eringya's Formal Garden
 64553 | WizLab   | Reached skill level 7 in Translocations
 64623 | WizLab   | You pick up a book of the Wilderness and begin reading...
 64623 | WizLab   | You add the spells Summon Forest and Summon Cactus Giant to
                  | your library.
 64654 | WizLab   | Paralysed by a fenstrider witch for 4 turns
 64656 | WizLab   | HP: 37/202 [centaur warrior/arrow (19)]
 64657 | WizLab   | HP: 17/202 [fenstrider witch (8)]
 64658 | WizLab   | HP: 7/202 [fenstrider witch/toxic bog (6)]
 64658 | WizLab   | Mangled by a fenstrider witch

Vanquished Creatures
  An ancient lich (Vaults:1)
  Saint Roka (Orc:2)
  Nikola (Shoals:1)
  Jorgrun (Orc:2)
  A deep elf blademaster (Elf:3)
  2 deep elf master archers (Elf:3)
  A kraken (Shoals:2)
  Mlioglotl (Shoals:1)
  Frances (Elf:1)
  A sphinx (Vaults:2)
  A thorn hunter (WizLab)
  Gastronok (Lair:2)
  Aizul (Shoals:1)
  A revenant (Vaults:3)
  Ilsuiw (Shoals:3)
  6 emperor scorpions
  6 deep elf sorcerers
  The ghost of Atupnera the Unseen, an adept OpDe of Gozag (Elf:3)
  2 deep elf elementalists (Elf:3)
  3 vault wardens
  8 ghost moths
  2 orc warlords
  3 broodmothers
  10 ironbound preservers
  5 deep elf demonologists
  8 ironbound thunderhulks
  A formless jellyfish (Shoals:3)
  5 deep elf death magi
  The ghost of Agan the Black Belt, a journeyman MeSh (Lair:4)
  3 deep elf annihilators (Elf:3)
  Azrael (Elf:1)
  14 dire elephants
  2 spark wasps
  5 merfolk impalers
  The ghost of jboons the Thaumaturge, a journeyman DjFi of Makhleb (D:11)
  2 entropy weavers
  5 merfolk javelineers
  Josephine (D:12)
  2 deep elf high priests (Elf:3)
  4 great orbs of eyes
  6 yaktaur captains
  Fannar (D:12)
  2 vault guards (Bailey)
  A rakshasa (D:14)
  Erolcha (Orc:1)
  A jorogumo (Spider:2)
  5 hydras
  2 alligator snapping turtles
  2 radroaches
  8 boulder beetles
  6 merfolk aquamancers
  8 two-headed ogres
  A catoblepas (D:13)
  An ogre mage (D:15)
  5 death yaks
  A death knight (Vaults:3)
  16 dancing weapons
  10 centaur warriors
  An ironbound frostheart (Vaults:3)
  3 merfolk avatars
  2 satyrs
  A spectral dire elephant (Lair:5)
  12 demonic crawlers
  A deep troll earth mage (D:15)
  Urug (D:12)
  2 orc high priests (Orc:2)
  19 deep elf knights
  A naga sharpshooter (WizLab)
  12 skysharks
  7 pharaoh ants
  Amaemon (D:8)
  3 spectral death yaks (Lair:5)
  5 skeletal warriors (D:12)
  A spectral anaconda (Lair:5)
  30 deep trolls
  14 sea snakes
  9 orb spiders
  A glowing orange brain (Vaults:2)
  2 arcanists
  A sun moth (Spider:3)
  11 deep elf archers
  6 ironbound convokers
  4 steelbarb worms
  12 lindwurms
  11 harpies
  27 ugly things
  3 necromancers (Lair:5)
  9 deep elf pyromancers
  15 deep elf zephyrmancers
  26 wolf spiders
  18 orc knights
  An orc sorcerer (Elf:1)
  9 manticores
  2 fauns (WizLab)
  4 moths of wrath
  9 cyclopes
  3 meliai
  5 black mambas
  5 kobold blastminers (Orc:2)
  11 merfolk sirens
  13 elephants
  12 vault sentinels
  6 torpor snails
  5 water nymphs
  A gargoyle (D:14)
  10 cane toads
  Maggie (D:9)
  An orange demon (D:8)
  2 dire elephant skeletons (Lair:5)
  7 rime drakes
  An unseen horror (D:13)
  3 komodo dragons (Lair:5)
  8 kobold demonologists
  23 yaktaurs
  A freezing wraith (D:15)
  A hornet (D:9)
  47 merfolk
  4 polar bears
  A queen bee (shapeshifter) (Elf:1)
  10 trolls
  24 tarantellas
  2 spectral elephants (Lair:5)
  3 wind drakes (Shoals:4)
  Prince Ribbit (Bailey)
  15 blink frogs
  9 dream sheep
  A centaur simulacrum (D:11)
  37 jumping spiders
  11 snapping turtles
  48 slime creatures
  2 air elementals
  2 shadows (D:13)
  21 culicivoras
  8 wraiths
  2 humans (Bailey)
  18 water elementals
  3 wyverns
  A human (shapeshifter) (Elf:1)
  36 yaks
  5 basilisks
  5 wargs
  The ghost of whatisthis the Poker, an amateur GnRe (D:6)
  5 fire elementals
  A steam dragon (D:9)
  10 vampire mosquitoes
  44 redbacks
  2 acid dragons
  2 spectral cane toads (Lair:5)
  15 water moccasins
  5 hell hounds (Elf:1)
  24 orc warriors
  A meliai simulacrum (D:11)
  6 ice beasts
  7 black bears
  7 ogres
  A laughing skull (D:14)
  An elephant zombie (Lair:5)
  31 wolves
  A phantom (D:5)
  12 centaurs
  3 gnoll sergeants
  16 kobold brigands
  19 bullfrogs
  2 scorpions (D:6)
  2 cane toad simulacra (Lair:5)
  3 earth elementals
  14 wights
  14 killer bees
  An elephant simulacrum (Lair:5)
  2 howler monkeys (D:10)
  3 electric eels
  2 hounds (D:4)
  A bombardier beetle (D:6)
  21 orc priests
  3 gnoll boudas
  A scrub nettle (Lair:5)
  A sleepcap (D:5)
  Natasha (thrice) (D:4)
  6 iguanas
  22 orc wizards
  18 gnolls
  7 adders
  2 shadow imps (D:6)
  4 white imps
  3 dart slugs
  2 ribbon worms
  86 orcs
  5 ball pythons
  7 endoplasms
  2 giant cockroaches (D:1)
  9 goblins
  6 hobgoblins
  3 jackals (D:3)
  A quokka (D:2)
  2 bats
  4 frilled lizards
  44 kobolds
  5 rats
  7 tentacles (Shoals:2)
1457 creatures vanquished.

Vanquished Creatures (collateral kills)
  A deep elf blademaster (Elf:3)
  A moth of wrath (Spider:4)
  A wolf spider (Spider:4)
  A yaktaur (Vaults:2)
  A jumping spider (Spider:4)
  A warg (Orc:2)
  4 orcs (Orc:2)
10 creatures vanquished.

Vanquished Creatures (others)
  A deep elf knight (Elf:3)
  A pharaoh ant (Spider:3)
  2 deep elf pyromancers (Elf:3)
  A jumping spider (Spider:2)
  2 foxfires (D:11)
  27 tentacles (Shoals:2)
34 creatures vanquished.

Grand Total: 1501 creatures vanquished

Table legend:
 A = Non-vault XP
 B = Vault XP
 C = Vault XP percentage of total XP
 D = Non-vault monster count
 E = Vault monster count
 F = Vault count percentage of total count
                 A         B        C        D         E       F
            +---------+---------+-------+---------+---------+-------
      Total |  356140 |  207413 |  36.8 |    1026 |     435 |  29.8
            +---------+---------+-------+---------+---------+-------
        D:1 |      36 |       3 |   7.7 |      20 |       2 |   9.1
        D:2 |     178 |       0 |   0.0 |      15 |       0 |   0.0
        D:3 |      21 |       0 |   0.0 |      13 |       0 |   0.0
        D:4 |     449 |      76 |  14.5 |      16 |       2 |  11.1
        D:5 |     947 |       0 |   0.0 |      13 |       0 |   0.0
        D:6 |     871 |     936 |  51.8 |      39 |      17 |  30.4
        D:7 |    1331 |     244 |  15.5 |      33 |       4 |  10.8
        D:8 |     936 |    2140 |  69.6 |      22 |       6 |  21.4
        D:9 |    3445 |    1182 |  25.5 |      28 |       7 |  20.0
       D:10 |    2469 |       0 |   0.0 |      27 |       0 |   0.0
       D:11 |    5133 |    2204 |  30.0 |      30 |      13 |  30.2
       D:12 |    5280 |    3189 |  37.7 |       9 |       6 |  40.0
       D:13 |    8810 |    4032 |  31.4 |      26 |       8 |  23.5
       D:14 |   15061 |     120 |   0.8 |      35 |       1 |   2.8
       D:15 |   18248 |    3871 |  17.5 |      40 |       7 |  14.9
     Lair:1 |    5954 |    1488 |  20.0 |      25 |       7 |  21.9
     Lair:2 |    5522 |    2312 |  29.5 |      31 |       5 |  13.9
     Lair:3 |    5834 |    2320 |  28.5 |      24 |       5 |  17.2
     Lair:4 |    5432 |    6407 |  54.1 |      17 |      13 |  43.3
     Lair:5 |   12722 |   16949 |  57.1 |      42 |      32 |  43.2
   Shoals:1 |   17721 |    5170 |  22.6 |      38 |       3 |   7.3
   Shoals:2 |   16624 |    4852 |  22.6 |      35 |       7 |  16.7
   Shoals:3 |   11330 |    3052 |  21.2 |      23 |       5 |  17.9
   Shoals:4 |   11614 |   16430 |  58.6 |      26 |      30 |  53.6
   Spider:1 |   19511 |    4955 |  20.3 |      55 |      10 |  15.4
   Spider:2 |   28360 |       0 |   0.0 |      56 |       0 |   0.0
   Spider:3 |   23114 |       0 |   0.0 |      51 |       0 |   0.0
   Spider:4 |    8043 |   17415 |  68.4 |      14 |      36 |  72.0
      Orc:1 |    2501 |    1480 |  37.2 |      15 |      12 |  44.4
      Orc:2 |    2510 |   10420 |  80.6 |      23 |      64 |  73.6
      Elf:1 |    9603 |   15067 |  61.1 |      18 |      27 |  60.0
      Elf:2 |   18658 |    3322 |  15.1 |      30 |       4 |  11.8
      Elf:3 |   13933 |   28686 |  67.3 |      24 |      24 |  50.0
   Vaults:1 |   35252 |   13216 |  27.3 |      45 |      17 |  27.4
   Vaults:2 |   23634 |   17979 |  43.2 |      47 |      23 |  32.9
   Vaults:3 |   15053 |    7277 |  32.6 |      21 |      10 |  32.3
     Bailey |       0 |    3309 | 100.0 |       0 |      19 | 100.0
     WizLab |       0 |    7310 | 100.0 |       0 |       9 | 100.0
            +---------+---------+-------+---------+---------+-------

Skill      XL: |  1  2  3  4  5  6  7  8  9 10 11 12 13 14 15 16 17 18 19 20 21 22 |
---------------+-------------------------------------------------------------------+-----
Dodging        | 3 4 5 6 7 8 9 10 11 12 13 14 | 14.0
Unarmed Combat | 4 5 6 7 9 10 11 12 13 14 15 16 17 18 | 18.2
Armour         | 3 5 7 8 9 10 11 12 13 | 13.0
Fighting       | 5 7 8 9 10 11 12 13 14 15 16 17 18 | 18.1
Evocations     | 3 4 5 6 7 8 |  8.0
Alchemy        | 2 4 5 6 7 8 9 |  9.2
Spellcasting   | 2 4 5 6 7 8 9 10 | 10.7
Air Magic      | 2 4 5 6 7 8 |  8.4
Stealth        | 3 5 6 8 11 12 | 12.0
Throwing       | 2 4 5 6 7 |  7.9
Shields        | 1 3 4 |  4.0
Earth Magic    | 2 6 8 |  8.3
Translocations | 2 5 7 |  7.0

Action                     |  1- 3 |  4- 6 |  7- 9 | 10-12 | 13-15 | 16-18 | 19-21 | 22-24 || total
---------------------------+-------+-------+-------+-------+-------+-------+-------+-------++-------
  Melee: Unarmed           |    81 |   109 |   410 |   580 |  1204 |  1250 |  1458 |   701 ||  5793
         Punch             |     3 |     3 |    20 |    42 |   138 |    37 |       |       ||   243
  Throw: Javelin           |       |     3 |       |     2 |     3 |       |    21 |       ||    29
         Throwing net      |       |       |     1 |     1 |       |     4 |     1 |     5 ||    12
         Dart              |       |       |       |       |       |     1 |    17 |       ||    18
   Cast: Airstrike         |       |       |       |       |       |       |     6 |    12 ||    18
         Mercury Vapours   |       |       |       |       |       |       |     3 |       ||     3
         Blink             |       |       |       |       |       |       |     2 |     1 ||     3
 Invoke: Potion Petition   |       |       |       |       |     2 |     3 |    11 |       ||    16
  Evoke: Wand              |       |       |     1 |    18 |    11 |     5 |    59 |     2 ||    96
         Box of beasts     |       |       |       |       |       |     1 |     2 |     1 ||     4
         Phantom mirror    |       |       |       |       |       |       |     3 |       ||     3
         Condenser vane    |       |       |       |       |       |       |     2 |       ||     2
    Use: Potion            |       |     3 |     1 |       |     4 |    11 |    24 |     5 ||    48
         Scroll            |       |     9 |     8 |     5 |     7 |    10 |    13 |     4 ||    56
   Stab: Held in net/web   |       |       |     1 |       |       |     2 |       |       ||     3
         Distracted        |       |       |       |     4 |     6 |     7 |     9 |     3 ||    29
         Petrifying        |       |       |       |       |     1 |       |       |       ||     1
         Sleeping          |       |       |       |       |       |       |     7 |     3 ||    10
         Invisible         |       |       |       |       |       |       |     2 |       ||     2
 Armour: Leather armour    |    37 |    52 |    64 |       |       |       |       |       ||   153
         Chain mail        |       |       |   123 |   336 |   653 |  1317 |  1280 |   447 ||  4156
  Dodge: Dodged            |    38 |    50 |   270 |   381 |   726 |   729 |   605 |   258 ||  3057
         Repelled          |       |       |       |       |       |       |     2 |       ||     2
  Block: Other             |       |       |    83 |   106 |    78 |       |       |       ||   267
         Reflection        |       |       |     1 |     2 |       |       |    58 |    36 ||    97
         Buckler           |       |       |       |       |       |   286 |   697 |   256 ||  1239

Illustrated notes

Table legend:
 A = Kills in this place as a percentage of kills in the entire game.
 B = Kills by you in this place as a percentage of kills by you in the entire game.
 C = Kills by friends in this place as a percentage of kills by friends in the entire game.
 D = Other kills in this place as a percentage of other kills in the entire game.
 E = Experience gained in this place as a percentage of experience gained in the entire game.
 F = Experience gained in this place divided by the number of levels of this place that you have seen.
                   A       B       C       D       E      F
               +-------+-------+-------+-------+-------+----------------------
         Total | 100.0 | 100.0 | 100.0 | 100.0 | 100.0 | 14830.3
       Dungeon |  30.0 |  30.3 |   0.0 |   0.0 |  14.4 | 5414.1
          Lair |  13.8 |  13.9 |   0.0 |   0.0 |  11.5 | 12988.0
        Shoals |  11.4 |  11.5 |   0.0 |  50.0 |  15.4 | 21698.2
   Spider Nest |  15.2 |  15.1 |  30.0 |   0.0 |  18.0 | 25349.5
  Orcish Mines |   7.8 |   7.5 |  50.0 |   0.0 |   3.0 | 8455.5
   Elven Halls |   8.7 |   8.6 |  10.0 |  50.0 |  15.8 | 29756.3
        Vaults |  11.2 |  11.2 |  10.0 |   0.0 |  19.9 | 37470.3
        Bailey |   1.3 |   1.3 |   0.0 |   0.0 |   0.6 | 3309.0
        Wizlab |   0.6 |   0.6 |   0.0 |   0.0 |   1.3 | 7310.0
               +-------+-------+-------+-------+-------+----------------------

Table legend: (Time is in decaauts)
 A = Elapsed time spent in this place.
 B = Non-inter-level travel time spent in this place.
 C = Inter-level travel time spent in this place.
 D = Time resting spent in this place.
 E = Time spent auto-exploring this place.
 F = Levels seen in this place.
 G = Mean time per level.
                   A        B        C        D        E       F      G
               +--------+--------+--------+--------+--------+-----+--------+
         Total |  63612 |  60155 |   3457 |  17394 |  28792 |  38 | 1674.0 |
       Dungeon |  18388 |  16608 |   1780 |   2132 |  11280 |  15 | 1225.9 |
          Lair |   9992 |   9253 |    739 |   2342 |   4675 |   5 | 1998.4 |
        Shoals |   8686 |   8583 |    103 |   3374 |   3007 |   4 | 2171.5 |
   Spider Nest |  10142 |   9861 |    281 |   4232 |   3738 |   4 | 2535.5 |
  Orcish Mines |   2503 |   2334 |    169 |    461 |   1429 |   2 | 1251.5 |
   Elven Halls |   7096 |   6797 |    299 |   2847 |   1863 |   3 | 2365.3 |
        Vaults |   5964 |   5881 |     83 |   1772 |   2630 |   3 | 1988.0 |
        Bailey |    249 |    249 |      0 |      0 |    167 |   1 |  249.0 |
        Wizlab |    588 |    588 |      0 |    232 |      0 |   1 |  588.0 |
               +--------+--------+--------+--------+--------+-----+--------+

Top non-repeatable levels by time:
Spider:2: 4376 daAuts
   Elf:3: 3228 daAuts
Vaults:1: 3134 daAuts
  Lair:5: 2896 daAuts
Shoals:2: 2614 daAuts
Spider:1: 2412 daAuts
Shoals:4: 2390 daAuts
   Elf:1: 2336 daAuts
Vaults:2: 2254 daAuts
  Lair:4: 2219 daAuts
Shoals:1: 2002 daAuts
    D:11: 1996 daAuts
Spider:4: 1992 daAuts
     D:6: 1795 daAuts
  Lair:3: 1760 daAuts
